Ben, chaotic male elven Wizard ----- --------- |..[-# ------- |.......| #-...|## |.....| |.......|######### ####|....# # @###############......| |.......| .-------------- # #-...|##### u |.....| |.....[..####*|....>........|### |...| # o |.....| --------- |.............|# --.-- ### ########## ------- |.............-# # # ----|- |.............|# ### # |...(| |.............| # # $ |.)..| --------------- # o |....| $ ######## |....| |(...| ------ $ $$ $$ $ $ $ $ $ Ben the Thaumaturge Experience level: 8 Strength: 8 Dexterity: 15 Constitution: 12 Intelligence: 16 Wisdom: 14 Charisma: 8 Health: 0(53) Energy: 95(95) AC: 6 Gold: 980 Moves: 2718 Your Inventory: Coins $ - 980 gold pieces Weapons a - a blessed +1 quarterstaff (weapon in hands) Armor b - an uncursed +0 cloak of magic resistance (being worn) p - an uncursed +0 studded leather armor (being worn) H - an [uncursed +0] iron skull cap [orcish helm] J - an [uncursed +0] pair of hard shoes [of dexterity and brilliance (iron)] M - an [uncursed +0] hooded cloak [dwarvish] Comestibles y - an [uncursed] food ration Scrolls i - an uncursed scroll of confuse monster k - an uncursed scroll of food detection N - a [cursed] scroll labeled AQUE BRAGH [of destroy armor] Spellbooks l - a blessed spellbook of force bolt m - an uncursed spellbook of magic missile Potions h - an uncursed potion of see invisible Rings d - an uncursed ring of regeneration (on right hand) e - an uncursed ring of see invisible Wands c - an uncursed wand of fire (0:2) q - an uncursed wand of striking (0:5) I - an [uncursed] wand of magic missile [0:6] Tools r - an uncursed skeleton key Gems K - an [uncursed] orange gem [worthless glass] Spells known in the end: Name Level Category Fail Memory a - force bolt 1 attack 0% [|||||||.] b - magic missile 2 attack 0% [|||||||.] Your skills at the end: Fighting Skills Weapon Skills quarterstaff [Basic / Expert] Spellcasting Skills attack spells [Basic / Expert] enchantment spells [Basic / Skilled] Final Attributes: You were piously aligned. Hunger level was 1227. Your alignment was 23 / 23. Monster difficulty range was 1 - 7. Level difficulty was 7. You were immune to sleep. You were magic-protected. You saw invisible. You had infravision. You regenerated. Your luck was zero. You are dead. Vanquished creatures: a shopkeeper a giant spider an owlbear 10 Uruk-hai a rock piercer a fog cloud a gnome lord a straw golem a dwarf a kobold lord 8 hill orcs a centipede 2 orc zombies 2 dwarf zombies a wererat 3 iguanas 7 killer bees a gas spore a large kobold 2 giant rats a yellow mold 2 green molds a gnome 4 jackals 2 foxes a kobold 2 goblins a lichen 2 newts 63 creatures vanquished. Voluntary challenges: You used a wielded weapon 76 times. You read items or engraved 3 times. You put on armor 4 times. You never genocided any monsters. You never polymorphed an object. You never changed form. You used no wishes. You never wrote Elbereth's name. You never encountered a bones level. You never used any Sokoban shortcuts. Dungeon overview: The Dungeons of Doom: levels 1 to 8 Level 1 a long staircase Level 2 an armor shop a long staircase Level 4 a general store Level 6 a fountain Level 7 <- You were here History has recorded: On T:1 you entered the Dungeons of Doom to retrieve the Amulet of Yendor! On T:255 you reached level 2 of The Dungeons of Doom. On T:384 you advanced to experience level 2. On T:526 you advanced to experience level 3. On T:547 you reached level 3 of The Dungeons of Doom. On T:646 you advanced to experience level 4. On T:797 you reached level 4 of The Dungeons of Doom. On T:875 you advanced to experience level 5. On T:1257 you reached level 5 of The Dungeons of Doom. On T:1512 you advanced to experience level 6. On T:1822 you advanced to experience level 7. On T:1985 you reached level 6 of The Dungeons of Doom. On T:2292 you reached level 7 of The Dungeons of Doom. On T:2484 you reached level 8 of The Dungeons of Doom. On T:2626 you advanced to experience level 8. Latest messages: N - a scroll labeled AQUE BRAGH. You kill the lichen! The gray unicorn butts! The gray unicorn kicks! The gray unicorn butts! The gray unicorn kicks! [HP-24=29] The gray unicorn butts! The gray unicorn kicks! The gray unicorn butts! The gray unicorn kicks! [HP-25=4] You miss the gray unicorn. The Uruk-hai shoots a poisoned crude arrow! The Uruk-hai is hit. The Uruk-hai shoots 2 poisoned crude arrows! The 1st poisoned crude arrow misses the gray unicorn. You are hit by the 1st poisoned crude arrow. You die... Final status: Goodbye Ben the Wizard... You died in The Dungeons of Doom on dungeon level 7 with 3994 points, and 980 pieces of gold, after 2718 moves. You were level 8 with a maximum of 53 hit points when you died.